 Dungeon Crawl Stone Soup version 0.31-a0-988-g08d55da (webtiles) character file.

Game seed: 14439180718326707971

18463 PurpleRed the Carver (level 12, -1/67 HPs)
             Began as a Deep Elf Delver on Nov 4, 2023.
             Was a High Priest of Hepliaklqana.
             Slain by a troll (9 damage)
             ... on level 12 of the Dungeon.
             The game lasted 00:44:09 (12557 turns).

PurpleRed the Carver (Deep Elf Delver)             Turns: 12557, Time: 00:44:10

Health: -1/67      AC: 22    Str: 14    XL:     12   Next: 27%
Magic:  17/19      EV:  9    Int: 17    God:    Hepliaklqana [*****.]
Gold:   679        SH:  0    Dex: 26    Spells: 11/11 levels left

rFire   + + .        a - +4 scimitar (flame)
rCold   . . .        (no shield)
rNeg    . . .        C - +1 plate armour {rF+}
rPois   .            e - +0 helmet {Int+3}
rElec   .            i - +1 cloak
rCorr   .            (no gloves)
SInv    .            L - +0 pair of boots "Xeunuumoi" {rF+ Str+5 Int-3}
Will    +....        b - amulet of the acrobat Stlth
                     O - +4 ring of protection
HPRegen 0.31/turn    w - +6 ring of dexterity
MPRegen 0.16/turn

%: acrobat
@: no status effects
A: reduced essence
a: Renounce Religion, Recall Ancestor, Ancestor Identity, Transference, Idealise


You were on level 12 of the Dungeon.
You worshipped Hepliaklqana.
Hepliaklqana was extremely pleased with you.
You visited 2 branches of the dungeon, and saw 13 of its levels.
You also visited: Gauntlet.

You collected 679 gold pieces.

Inventory:

Hand Weapons
 a - a +4 scimitar of flaming (weapon)
 k - a +0 spectral long sword
Missiles
 r - 3 silver javelins
 R - 36 poisoned darts
Armour
 e - a +0 helmet of intelligence (worn)
 h - a +3 leather armour
 i - a +1 cloak (worn)
 C - a +1 plate armour of fire resistance (worn)
 H - a +0 robe of resistance
 I - +0 steam dragon scales
 K - +0 acid dragon scales
 L - the +0 pair of boots "Xeunuumoi" (worn) {rF+ Str+5 Int-3}
   (You found it on level 10 of the Dungeon)

   Str+5:     It affects your strength (+5).
   Int-3:     It affects your intelligence (-3).
   rF+:       It protects you from fire.
Magical Staves
 N - a staff of conjuration
Jewellery
 b - an amulet of the acrobat (around neck)
 t - a ring of positive energy
 w - a +6 ring of dexterity (right hand)
 J - a ring of resist corrosion
 M - an amulet of magic regeneration
 O - a +4 ring of protection (left hand)
 Q - an amulet of the acrobat
 S - a ring of positive energy
Wands
 g - a wand of digging (3)
 y - a wand of quicksilver (7)
 A - a wand of charming (1)
 B - a wand of polymorph (8)
 D - a wand of flame (33)
 P - a wand of iceblast (11)
 Z - a wand of mindburst (16)
Scrolls
 c - 4 scrolls of fog
 j - a scroll of enchant armour
 l - a scroll of fear
 q - 4 scrolls of enchant weapon
 u - a scroll of identify
 F - a scroll of brand weapon
 G - 4 scrolls of immolation
 T - 2 scrolls of torment
 W - 3 scrolls of teleportation
 X - a scroll of blinking
 Y - a scroll of vulnerability
Potions
 d - 3 potions of cancellation
 f - a potion of haste
 m - a potion of resistance
 n - a potion of curing
 o - 3 potions of mutation
 p - 3 potions of attraction
 s - a potion of might
 v - 2 potions of enlightenment
 x - a potion of brilliance
 z - 2 potions of ambrosia
 E - 3 potions of magic
Miscellaneous
 V - a phial of floods


   Skills:
 + Level 8.5 Fighting
 - Level 2.0(8.6) Short Blades
 * Level 12.0(12.1) Long Blades
 + Level 5.9 Armour
 + Level 10.0 Dodging
 - Level 6.0 Stealth
 * Level 6.7 Invocations


You had 11 spell levels left.
You didn't know any spells.
Your spell library contained the following spells:

 Spells                   Type           Power      Damage    Failure   Level
 Magic Dart               Conj           0%         1d3       100%        1
 Slow                     Hex            0%         N/A       100%        1
 Call Imp                 Summ           0%         N/A       100%        2
 Scorch                   Fire           0%         2d5       100%        2
 Inner Flame              Hex/Fire       0%         N/A       100%        3
 Mephitic Cloud           Conj/Pois/Air  0%         N/A       100%        3
 Sigil of Binding         Hex            0%         N/A       100%        3
 Flame Wave               Conj/Fire      0%         2d4       100%        4
 Sticky Flame             Conj/Fire      0%         2d3       100%        4
 Metabolic Englaciation   Hex/Ice        0%         N/A       100%        5
 Summon Cactus Giant      Summ           0%         N/A       100%        6
 Haunt                    Necr/Summ      0%         N/A       100%        7


Dungeon Overview and Level Annotations

Branches:
Dungeon (12/15)            Temple (1/1) D:5            Lair (0/5) D:9
    Orc (0/2) D:9         Gauntlet (visited)

Altars:
Ashenzari
Cheibriados
Dithmenos
Elyvilon
Fedhas
Gozag
Hepliaklqana
Kikubaaqudgha
Makhleb
Nemelex Xobeh
Okawaru
Qazlal
Ru
Sif Muna
Trog
Uskayaw
Vehumet
Wu Jian
Xom
Yredelemnul
Zin
The Shining One

Annotations:
D:8 exclusion: statue
D:9 2 transporters, Kave's ghost, novice TrSh


Message History

The vampire mosquito barely misses you.
BingBong points at the kobold demonologist and mumbles some strange words.
The stone arrow hits the kobold demonologist!
You catch the helpless kobold demonologist completely off-guard!
You slash the kobold demonologist! You burn the kobold demonologist.
You kill the kobold demonologist!
The vampire mosquito closely misses you.
The vampire mosquito bites you.
The vampire mosquito draws strength from your injuries!
The vampire mosquito barely misses you. The vampire mosquito bites you.
The vampire mosquito draws strength from your injuries!
You completely miss the vampire mosquito.
The vampire mosquito bites you but does no damage. x2
BingBong gestures at the vampire mosquito while chanting.
The stone arrow hits the vampire mosquito!!
The vampire mosquito bites you but does no damage.
You strike the helpless vampire mosquito from behind!
You slash the vampire mosquito! You burn the vampire mosquito.
You destroy the vampire mosquito!
The vampire mosquito bites you!
* * * LOW HITPOINT WARNING * * *
The vampire mosquito draws strength from your injuries!
The troll closely misses you. The troll claws you but does no damage.
The troll completely misses you.
You slash the troll! You burn the troll.
The troll is moderately wounded.
The vampire mosquito bites you but does no damage.
BingBong casts a spell at the vampire mosquito.
The stone arrow hits the vampire mosquito!
The troll bites you but does no damage.
The troll claws you but does no damage. x2
You closely miss the troll.
The troll is moderately wounded.
BingBong casts a spell at the vampire mosquito.
The puff of frost hits the vampire mosquito.
You barely miss the troll.
The troll is moderately wounded.
The vampire mosquito bites BingBong.
The troll bites you!
* * * LOW HITPOINT WARNING * * *
The troll barely misses you. The troll claws you!
You die...

..........#....
...............
...............
...............
...............
...............
.......T.......
.......@.......
....$.y).......
......R........
#..............
.............#.
..........#.##
.........##.#
.........# .


You could see the friendly BingBong the battlemage, a troll and a vampire
mosquito (distracted, ally target).

Vanquished Creatures
  A minotaur (Gauntlet)
  A catoblepas (D:12)
  Erica (D:10)
  Amaemon (D:8)
  Nergalle (D:11)
  Pikel (D:8)
  Joseph (D:8)
  A moth of wrath (Gauntlet)
  Maurice (D:11)
  An ice statue (Gauntlet)
  A rime drake (Gauntlet)
  2 kobold demonologists
  A shadow (D:10)
  A vampire (D:9)
  3 wyverns
  8 yaks
  4 vampire mosquitoes
  2 redbacks (Gauntlet)
  Edmund (D:4)
  An acid dragon (D:11)
  A swamp drake (D:9)
  An orc warrior (D:9)
  A black bear (D:6)
  2 ice beasts
  An ogre (D:7)
  2 centaurs
  2 lemures (D:8)
  2 kobold brigands
  A gnoll sergeant (D:11)
  A wight (D:9)
  2 killer bees (D:9)
  5 howler monkeys
  A hound (D:5)
  2 jellies (D:6)
  4 orc priests
  Crazy Yiuf (D:7)
  An iguana (D:5)
  A sleepcap (D:6)
  Ijyb (D:4)
  6 orc wizards
  Robin (D:2)
  7 gnolls
  An adder (D:4)
  2 white imps
  A worm (D:2)
  24 orcs
  3 endoplasms
  2 giant cockroaches (D:3)
  6 goblins
  2 hobgoblins
  10 jackals
  A quokka (D:2)
  3 ball pythons
  4 bats
  5 frilled lizards
  5 kobolds
  6 rats
155 creatures vanquished.

Vanquished Creatures (collateral kills)
  A two-headed ogre (D:11)
  A wolf spider (Gauntlet)
  A moth of wrath (Gauntlet)
  An orange demon (D:8)
  Maggie (D:7)
  An unseen horror (D:11)
  2 kobold demonologists (D:11)
  A komodo dragon (D:9)
  4 trolls
  A hornet (D:9)
  2 shadows
  A vampire (D:8)
  4 yaks
  2 redbacks (Gauntlet)
  A steam dragon (D:7)
  A vampire mosquito (D:12)
  An acid dragon (D:12)
  Duvessa (D:4)
  4 orc warriors
  5 ogres
  A lemure (D:8)
  2 kobold brigands
  A scorpion (D:5)
  A bullfrog (D:8)
  4 wights (D:9)
  Dowan (D:4)
  2 killer bees (D:9)
  4 howler monkeys
  A hound (D:5)
  7 orc priests
  3 jellies
  2 sleepcaps
  4 iguanas
  8 orc wizards
  16 gnolls
  3 adders
  A white imp (D:7)
  2 worms
  A dart slug (D:1)
  33 orcs
  A bat (D:3)
  5 endoplasms
  A giant cockroach (D:4)
  10 hobgoblins
  8 jackals
  2 quokkas
  6 ball pythons
  2 goblins (D:2)
  7 kobolds
  2 rats (D:2)
177 creatures vanquished.

Vanquished Creatures (others)
  A gnoll (D:4)
  11 battlemagi
  An ancestor (D:1)
13 creatures vanquished.

Grand Total: 345 creatures vanquished

Notes
Turn   | Place    | Note
-------+----------+-------------------------------------------
     0 | D:5      | PurpleRed the Deep Elf Delver began the quest for the Orb.
     0 | D:5      | Reached XP level 1. HP: 13/13 MP: 3/3
    32 | D:6      | Noticed a black bear
    39 | D:7      | Noticed an orc wizard
    74 | D:7      | Noticed an ice beast
    92 | D:5      | Noticed a sleepcap
   100 | D:5      | Noticed an iguana
   110 | D:5      | Found a staircase to the Ecumenical Temple.
   115 | D:5      | Reached XP level 2. HP: 18/18 MP: 4/4
   119 | Temple   | Entered the Ecumenical Temple
   163 | Temple   | Became a worshipper of Hepliaklqana the Forgotten
   236 | D:4      | Noticed Edmund
   522 | D:1      | Reached * piety under Hepliaklqana
   587 | D:1      | Reached skill level 1 in Long Blades
   810 | D:1      | Reached XP level 3. HP: 20/20 MP: 5/5
  1491 | D:2      | Noticed Robin
  1545 | D:2      | Killed Robin
  1546 | D:2      | Reached skill level 2 in Long Blades
  1567 | D:2      | Reached XP level 4. HP: 24/25 MP: 6/6
  1585 | D:2      | Reached ** piety under Hepliaklqana
  1586 | D:2      | Remembered your ancestor BingBong as a battlemage
  2720 | D:3      | Reached *** piety under Hepliaklqana
  2845 | D:4      | Noticed Duvessa
  2845 | D:4      | Noticed Dowan
  2906 | D:4      | Noticed Ijyb
  2912 | D:4      | Killed Ijyb
  2934 | D:4      | Noticed an ogre
  2947 | D:4      | Reached skill level 3 in Long Blades
  2947 | D:4      | Reached XP level 5. HP: 28/28 MP: 7/7
  2955 | D:4      | Killed an ogre
  2974 | D:4      | Killed Duvessa
  2975 | D:4      | Reached skill level 4 in Long Blades
  2975 | D:4      | Reached XP level 6. HP: 34/34 MP: 8/8
  2978 | D:4      | Killed Dowan
  3095 | D:4      | Reached XP level 7. HP: 39/39 MP: 9/9
  3213 | D:4      | Killed Edmund
  3214 | D:4      | Reached skill level 5 in Long Blades
  3628 | D:5      | Reached skill level 5 in Dodging
  3929 | D:5      | Reached XP level 8. HP: 43/43 MP: 10/10
  3995 | D:5      | Reached skill level 5 in Fighting
  3995 | D:5      | Reached skill level 6 in Long Blades
  4777 | D:6      | Reached skill level 7 in Long Blades
  4837 | D:6      | Reached **** piety under Hepliaklqana
  5240 | D:7      | Reached XP level 9. HP: 49/49 MP: 11/11
  5487 | D:7      | Reached skill level 1 in Armour
  5646 | D:7      | Found a sparkling altar of Nemelex Xobeh.
  5648 | D:7      | Noticed Maggie
  5847 | D:7      | Killed Maggie
  5848 | D:7      | Reached skill level 8 in Long Blades
  6315 | D:7      | Found a runed translucent door.
  6316 | D:7      | Noticed Crazy Yiuf
  6322 | D:7      | Killed Crazy Yiuf
  6400 | D:8      | Found a radiant altar of Vehumet.
  6595 | D:8      | Noticed a kobold demonologist
  6602 | D:8      | Noticed a sixfirhy
  6606 | D:8      | Killed a kobold demonologist
  6607 | D:8      | Reached skill level 9 in Long Blades
  6806 | D:8      | Noticed Pikel
  6833 | D:8      | Killed Pikel
  6834 | D:8      | Reached XP level 10. HP: 14/54 MP: 12/12
  6973 | D:8      | Noticed an orange demon
  6975 | D:8      | Noticed Amaemon
  6979 | D:8      | Killed an orange demon
  6988 | D:8      | Killed Amaemon
  6998 | D:8      | Reached ***** piety under Hepliaklqana
  7423 | D:8      | Noticed Joseph
  7433 | D:8      | Killed Joseph
  7434 | D:8      | Reached skill level 10 in Long Blades
  7534 | D:8      | Found an opulent altar of Gozag.
  7863 | D:9      | Paralysed by a hornet for 2 turns
  7919 | D:9      | Reached skill level 1 in Invocations
  7986 | D:9      | Found a transporter.
  7986 | D:9      | Noticed Kave's ghost (novice TrSh)
  7989 | D:9      | Noticed a red ugly thing
  7993 | D:9      | Noticed a guardian serpent
  8000 | D:9      | a guardian serpent changed into a komodo dragon
  8982 | D:9      | Found a staircase to the Lair.
  9192 | D:9      | Reached XP level 11. HP: 55/59 MP: 14/14
  9273 | D:9      | Noticed a fire crab
  9285 | D:9      | Found a transporter.
  9301 | D:9      | a fire crab changed into an elephant
  9333 | D:9      | an elephant changed into a mana viper
  9333 | D:9      | Noticed a mana viper (shapeshifter)
  9364 | D:9      | a mana viper changed into an eye of devastation
  9402 | D:9      | an eye of devastation changed into a glowing orange brain
  9402 | D:9      | Noticed a glowing orange brain (shapeshifter)
  9561 | D:9      | Found a staircase to the Orcish Mines.
  9871 | D:10     | Entered Level 10 of the Dungeon
  9875 | D:10     | Noticed Erica
  9886 | D:10     | Killed Erica
  9911 | D:10     | Found a snail-covered altar of Cheibriados.
 10006 | D:10     | Reached skill level 11 in Long Blades
 10252 | D:10     | Identified the +0 pair of boots "Xeunuumoi" {rF+ Str+5
                  | Int-3}
 10337 | D:10     | Reached skill level 5 in Armour
 10637 | Gauntlet | Identified the "Gumom"
 10637 | Gauntlet | Identified the "Wirov"
 10663 | D:11     | Noticed Nergalle
 10702 | D:11     | Noticed Maurice
 10770 | D:11     | Found a gate leading to a gauntlet.
 10776 | Gauntlet | Entered a Gauntlet
 10776 | Gauntlet | Found a transporter.
 10776 | Gauntlet | Found a transporter.
 10781 | Gauntlet | Found a transporter.
 10781 | Gauntlet | Found a transporter.
 10781 | Gauntlet | Found a transporter.
 10808 | Gauntlet | Noticed a wolf spider
 10812 | Gauntlet | Found a transporter.
 10814 | Gauntlet | Found a transporter.
 10814 | Gauntlet | Found a transporter.
 10829 | Gauntlet | Found a transporter.
 10845 | Gauntlet | Found a transporter.
 10855 | Gauntlet | Found a transporter.
 10859 | Gauntlet | Found a transporter.
 10904 | Gauntlet | Found a transporter.
 10910 | Gauntlet | Noticed a necromancer
 10919 | Gauntlet | Found a transporter.
 11010 | Gauntlet | Killed a wolf spider
 11336 | Gauntlet | Noticed a minotaur
 11559 | Gauntlet | Killed a minotaur
 11560 | Gauntlet | Reached skill level 5 in Invocations
 11730 | D:11     | Noticed a two-headed ogre
 11736 | D:11     | Killed a two-headed ogre
 11786 | D:11     | Killed Nergalle
 11790 | D:11     | Killed Maurice
 11916 | D:11     | Reached XP level 12. HP: 52/66 MP: 18/18
 12452 | D:12     | Noticed a catoblepas
 12525 | D:12     | Killed a catoblepas
 12525 | D:12     | Noticed a seven-headed hydra
 12526 | D:12     | Reached skill level 12 in Long Blades
 12526 | D:12     | Reached skill level 10 in Dodging
 12557 | D:12     | Slain by a troll

Illustrated notes

Levels and vault maps discovered:
D:1:      roderic_crop_circles_arrival_small, layout_loops_corners
D:2:      layout_basic, chequers_serial_rivers_small_3, uniq_robin
D:3:      layout_loops_ring
D:4:      layout_cave_pools, uniq_duvessa, uniq_edmund, uniq_ijyb
D:5:      lemuel_castle_with_subvaults [lemuel_castle_interior_carwin_2],
          layout_layer_cave, minmay_temple_entry_drinking_statues,
          nicolae_zig_zag_zippers
D:6:      layout_rooms
D:7:      layout_basic, amcnicky_altar_gilded, uniq_crazy_yiuf_cottage,
          uniq_maggie
D:8:      layout_basic, vehumet_statue, nicolae_gozag_seed_capital, uniq_pikel,
          uniq_joseph, uniq_amaemon
D:9:      layout_loops_ring, david_lair_shrubbed, erik_orc_1,
          gammafunk_ghost_arena, st_stairs_2, kennysheep_another_room
D:10:     layout_cave_pools, kennysheep_mini_moat,
          eino_small_chamber_without_monster, evilmike_butchery, uniq_erica
D:11:     layout_rooms, gauntlet_entry_generic, uniq_nergalle, uniq_maurice
D:12:     layout_cross
Temple:   mainiacjoe_temple_coin_purse

Skill      XL: |  1  2  3  4  5  6  7  8  9 10 11 12 |
---------------+-------------------------------------+-----
Fighting       | 3 4 5 6 7 8 |  8.5
Long Blades    | 1 2 3 4 5 7 9 10 11 12 | 12.0
Dodging        | 3 4 5 6 8 9 10 | 10.0
Armour         | 3 4 5 |  5.9
Invocations    | 2 5 6 |  6.7
Short Blades   | |  2.0
Stealth        | |  6.0

Action                     |  1- 3 |  4- 6 |  7- 9 | 10-12 || total
---------------------------+-------+-------+-------+-------++-------
  Melee: Short sword       |   130 |     1 |    86 |       ||   217
         Punch             |     1 |     1 |     1 |     3 ||     6
         Dagger            |       |    56 |    39 |       ||    95
         Long sword        |       |       |   102 |   148 ||   250
         Scimitar          |       |       |       |   121 ||   121
 Invoke: Ancestor Identity |     3 |     1 |       |       ||     4
         Ancestor Life: Ba |       |     1 |       |       ||     1
         Recall Ancestor   |       |       |       |     2 ||     2
  Evoke: Wand              |       |       |     3 |     5 ||     8
    Use: Scroll            |     1 |       |    15 |     7 ||    23
         Potion            |       |       |     1 |     8 ||     9
   Stab: Distracted        |     2 |     1 |     5 |    13 ||    21
         Sleeping          |     9 |     3 |     2 |     3 ||    17
 Armour: Leather armour    |     5 |       |       |     7 ||    12
         Ring mail         |    74 |    24 |    96 |       ||   194
         Scale mail        |     7 |       |       |       ||     7
         Steam dragon scal |       |       |    33 |    71 ||   104
         Acid dragon scale |       |       |       |    30 ||    30
         Plate armour      |       |       |       |    75 ||    75
  Dodge: Dodged            |    93 |    31 |   150 |   189 ||   463

Table legend: (Time is in decaauts)
 A = Elapsed time spent in this place.
 B = Non-inter-level travel time spent in this place.
 C = Inter-level travel time spent in this place.
 D = Time resting spent in this place.
 E = Time spent auto-exploring this place.
 F = Levels seen in this place.
 G = Mean time per level.
                   A        B        C        D        E       F      G
               +--------+--------+--------+--------+--------+-----+--------+
         Total |  12452 |  12062 |    390 |   1738 |   6820 |  14 |  889.4 |
       Dungeon |  11476 |  11086 |    390 |   1289 |   6757 |  12 |  956.3 |
        Temple |     55 |     55 |      0 |      0 |      0 |   1 |   55.0 |
      Gauntlet |    919 |    919 |      0 |    449 |     63 |   1 |  919.0 |
               +--------+--------+--------+--------+--------+-----+--------+

Top non-repeatable levels by time:
     D:8: 2201 daAuts
     D:5: 1287 daAuts
     D:9: 1271 daAuts
     D:7: 1154 daAuts
     D:1: 1009 daAuts
Gauntlet: 919 daAuts
    D:11: 887 daAuts
     D:2: 849 daAuts
    D:10: 761 daAuts
     D:3: 750 daAuts
     D:4: 722 daAuts
     D:6: 507 daAuts
    D:12: 74 daAuts
  Temple: 55 daAuts
